Saguenéens vs Patriotes

Created - 21 janvier 2017 at 19:51

Goals
1 2 3 T
Saguenéens 0 0 2 2
Patriotes 1 2 1 4
Shots
1 2 3 T
Saguenéens 6 9 14 29
Patriotes 11 8 7 26

1st period

1. Patriotes , Anthony Bitetto 1 (Mike Funk, Barry Tallackson) at 5:32 (PP)

Penalties :
Tyler Pitlick (Chi) for Hooking (Minor) at 5:18, Dalton Prout (Chi) for Slashing (Minor) at 6:22, Oscar Klefbom (Chi) for Tripping (Minor) at 15:52

2nd period

2. Patriotes , Mathieu Perreault 2 (Timothy Kunes, Barry Tallackson) at 17:23
3. Patriotes , Zenon Konopka 8 (Lauri Tukonen, Fedor Fedorov) at 19:01

Penalties :
Jordie Benn (Nyc) for Hooking (Minor) at 0:16, Fedor Fedorov (Nyc) for Hooking (Minor) at 9:18

3rd period

4. Saguenéens , Tyler Kennedy 35 (Brett Lebda, Erik Haula) at 0:17
5. Patriotes , Mathieu Perreault 3 (Timothy Kunes) at 2:13
6. Saguenéens , Tyler Kennedy 36 (Erik Haula) at 6:32

Penalties :
Spencer Machacek (Chi) for Hooking (Minor) at 8:30, Dalton Prout (Chi) for Holding (Minor) at 14:42

Goalie Stats

Mike Smith (Chi), 22 saves from 26 shots - (0,846), L, 19-12-2, 60:00 minutes
Marek Schwarz (Nyc), 27 saves from 29 shots - (0,931), W, 13-14-1, 60:00 minutes

Players Stats for Saguenéens

Player Name              G  A  P  +/- PIM S  H  SB GA TA FO     MP     PP MP  PK MP  
------------------------------------------------------------------------------------
Brett Lebda              0  1  1   0  0   0  5  0  0  1  0/0    27:39   2:33   4:17 
Brian Sutherby           0  0  0  -1  0   1  1  1  0  0  7/23   18:48   2:07   4:10 
Craig Cunningham         0  0  0   0  0   0  4  1  1  0  0/1    11:57   0:00   1:42 
Dalton Prout             0  0  0   0  4   0  0  0  1  0  0/0    18:14   1:25   2:30 
Erik Haula               0  2  2   0  0   2  1  0  0  1  9/18   17:18   1:51   0:00 
Juraj Mikus              0  0  0   0  0   2  3  0  0  0  0/2    12:30   0:00   1:53 
Kevin Marshall           0  0  0   0  0   1  1  0  0  0  0/0    26:47   2:33   3:55 
Luke Witkowski           0  0  0  -1  0   3  2  1  0  1  0/0    12:39   0:00   0:12 
Mason Raymond            0  0  0   0  0   1  2  0  0  1  0/0    20:59   2:07   2:19 
Oscar Klefbom            0  0  0  -1  2   5  1  0  0  1  0/0    15:14   0:00   1:11 
Rhett Rakhshani          0  0  0   0  0   1  0  0  0  1  0/0     8:26   0:00   0:00 
Rickard Rakell           0  0  0   0  0   1  1  0  0  0  3/5     8:48   0:00   0:27 
Roman Josi               0  0  0   0  0   1  0  2  0  0  0/0    20:30   1:25   4:15 
Spencer Machacek         0  0  0  -1  2   4  2  0  0  0  0/0    17:09   1:51   1:45 
Teemu Pulkkinen          0  0  0   0  0   1  0  0  0  0  0/0     8:06   0:00   0:00 
Tim Kennedy              0  0  0  -1  0   1  1  0  0  0  0/0    14:23   1:51   0:00 
Tyler Kennedy            2  0  2   0  0   3  4  0  1  2  1/1    21:30   2:07   4:04 
Tyler Pitlick            0  0  0   0  2   2  0  0  0  2  0/0    10:48   0:00   0:00 

Players Stats for Patriotes

Player Name              G  A  P  +/- PIM S  H  SB GA TA FO     MP     PP MP  PK MP  
------------------------------------------------------------------------------------
Anthony Bitetto          1  0  1   0  0   3  2  1  0  0  0/0    20:32   4:00   1:24 
Austin Watson            0  0  0   0  0   0  0  0  0  0  0/0     9:09   0:00   0:25 
Barry Tallackson         0  2  2  -1  0   3  0  0  1  0  0/3    20:56   4:02   2:20 
Christian Hanson         0  0  0  -1  0   1  2  1  0  0  14/22  19:26   4:07   1:13 
Fedor Fedorov            0  1  1   0  2   0  3  0  1  0  0/0    18:31   3:53   0:35 
Jared Knight             0  0  0   0  0   0  0  0  0  0  0/0     1:17   0:17   0:00 
Jordie Benn              0  0  0   0  2   1  2  0  2  1  0/0    25:09   4:10   1:10 
Lauri Tukonen            0  1  1   0  0   2  3  0  0  0  0/0    17:54   3:53   0:00 
Mathieu Perreault        2  0  2   2  0   3  2  1  0  0  3/5    11:32   0:00   1:03 
Matt Calvert             0  0  0   2  0   2  0  0  1  0  1/1    10:52   0:10   0:00 
Melker Karlsson          0  0  0   0  0   1  2  0  0  0  1/1     9:02   0:00   0:06 
Mike Funk                0  1  1   0  0   1  0  2  3  1  0/0    21:03   4:00   1:36 
Robbie Russo             0  0  0   1  0   0  0  1  0  0  0/0    13:49   0:00   1:12 
Scott Glennie            0  0  0   0  0   0  0  0  1  0  0/0     8:53   0:08   0:00 
Stephen Johns            0  0  0   1  0   0  1  3  0  1  0/0    12:37   0:00   0:00 
Timothy Kunes            0  2  2   0  0   1  2  2  1  0  0/0    26:34   4:10   2:34 
Tomas Kurka              0  0  0  -1  0   5  2  0  0  0  4/7    20:46   4:07   2:14 
Zach Budish              0  0  0   2  0   0  0  0  0  0  0/0    10:04   0:00   0:00 
Zenon Konopka            1  0  1   0  0   3  0  2  0  0  7/11   17:54   3:53   0:00 

3 Stars

1 - Mathieu Perreault (Nyc)
2 - Tyler Kennedy (Chi)
3 - Timothy Kunes (Nyc)

Power Play

Saguenéens - 0 on 2 Attempt(s) - 0,00%
Patriotes - 1 on 5 Attempt(s) - 20,00%

Penalty Kill

Saguenéens - 4 on 5 Attempt(s) - 80,00% - Score 0 goal in Penalty Kill
Patriotes - 2 on 2 Attempt(s) - 100,00% - Score 0 goal in Penalty Kill

Team Stat

Saguenéens - Hits : 28 - Faceoff Wins : 20 - Blocked Shots : 5 - Penalty Minutes : 10
Patriotes - Hits : 21 - Faceoff Wins : 30 - Blocked Shots : 13 - Penalty Minutes : 4

Official

Referees : Furlatt Eric and McCreary Bill
Linesman : Tim Nowak and Derek Amell

Game Notes

No Game Note

Finance

Level 1 -- Attendance: 1588 (79,40%) -- Ticket Income 55 580 $
Level 2 -- Attendance: 736 (73,60%) -- Ticket Income 11 040 $
Total Attendance: 2324 (77,47%)
Total Ticket Income: 66 620 $
Other Income: 3 331 $
Total Income: 69 951 $

Saguenéens

5 vs 5 Forward 
   Center                   Left Wing                Right Wing               Time % Phy DF OF 
 1 Erik Haula               Mason Raymond            Tyler Kennedy            40     1   2  2  
 2 Brian Sutherby           Tim Kennedy              Spencer Machacek         30     1   2  2  
 3 Juraj Mikus              Craig Cunningham         Tyler Pitlick            20     1   2  2  
 4 Rickard Rakell           Teemu Pulkkinen          Rhett Rakhshani          10     1   2  2  

5 vs 5 Defense 
   Defense                  Defense                                           Time % Phy DF OF 
 1 Brett Lebda              Kevin Marshall                                    40     1   2  2  
 2 Dalton Prout             Roman Josi                                        30     1   2  2  
 3 Luke Witkowski           Oscar Klefbom                                     20     1   2  2  
 4 Brett Lebda              Kevin Marshall                                    10     1   2  2  

PowerPlay Forward 
   Center                   Left Wing                Right Wing               Time % Phy DF OF 
 1 Brian Sutherby           Mason Raymond            Tyler Kennedy            60     1   2  2  
 2 Erik Haula               Tim Kennedy              Spencer Machacek         40     1   2  2  

PowerPlay Defense
   Defense                  Defense                                           Time % Phy DF OF 
 1 Brett Lebda              Kevin Marshall                                    60     1   2  2  
 2 Dalton Prout             Roman Josi                                        40     1   2  2  

Penalty Kill 4 Players Forward 
   Center                   Wing                     Time % Phy DF OF 
 1 Brian Sutherby           Tyler Kennedy            60     1   2  2  
 2 Mason Raymond            Spencer Machacek         40     1   2  2  

Penalty Kill 4 Players Defense
   Defense                  Defense                  Time % Phy DF OF 
 1 Brett Lebda              Kevin Marshall           60     1   2  2  
 2 Dalton Prout             Roman Josi               40     1   2  2  

Penalty Kill - 3 Players Forward 
   Forward                                           Time % Phy DF OF 
 1 Brian Sutherby                                    60     1   2  2  
 2 Tyler Kennedy                                     40     1   2  2  

Penalty Kill - 3 Players Defense
   Defense                  Defense                  Time % Phy DF OF 
 1 Brett Lebda              Kevin Marshall           60     1   2  2  
 2 Dalton Prout             Roman Josi               40     1   2  2  

4 vs 4 Forward 
   Center                   Wing                     Time % Phy DF OF 
 1 Brian Sutherby           Tyler Kennedy            60     1   2  2  
 2 Mason Raymond            Spencer Machacek         40     1   2  2  

4 vs 4 Defense
   Defense                  Defense                  Time % Phy DF OF 
 1 Brett Lebda              Kevin Marshall           60     1   2  2  
 2 Dalton Prout             Roman Josi               40     1   2  2  

Last Minutes Offensive
   Center                   Left Wing                Right Wing               Defense                  Defense                  
   Brian Sutherby           Mason Raymond            Tyler Kennedy            Brett Lebda              Kevin Marshall           

Last Minutes Defensive
   Center                   Left Wing                Right Wing               Defense                  Defense                  
   Brian Sutherby           Mason Raymond            Tyler Kennedy            Brett Lebda              Kevin Marshall           

Goaltenders
Starting : Mike Smith               
Backup : Martin Jones             

Extra Forwards
Normal : Tyler Pitlick, Rhett Rakhshani, Juraj Mikus - PP : Tyler Pitlick, Rhett Rakhshani - PK : Juraj Mikus
Extra Defensemen
Normal : Luke Witkowski, Oscar Klefbom, Dalton Prout - PP : Luke Witkowski - PK : Oscar Klefbom, Dalton Prout
Penalty Shots
Brian Sutherby, Tyler Kennedy, Mason Raymond, Spencer Machacek, Erik Haula

Patriotes

5 vs 5 Forward 
   Center                   Left Wing                Right Wing               Time % Phy DF OF 
 1 Christian Hanson         Tomas Kurka              Barry Tallackson         40     1   2  2  
 2 Zenon Konopka            Fedor Fedorov            Lauri Tukonen            30     1   2  2  
 3 Mathieu Perreault        Matt Calvert             Zach Budish              20     1   2  2  
 4 Melker Karlsson          Austin Watson            Scott Glennie            10     1   2  2  

5 vs 5 Defense 
   Defense                  Defense                                           Time % Phy DF OF 
 1 Timothy Kunes            Jordie Benn                                       40     1   2  2  
 2 Anthony Bitetto          Mike Funk                                         30     1   2  2  
 3 Stephen Johns            Robbie Russo                                      20     1   2  2  
 4 Timothy Kunes            Jordie Benn                                       10     1   2  2  

PowerPlay Forward 
   Center                   Left Wing                Right Wing               Time % Phy DF OF 
 1 Christian Hanson         Tomas Kurka              Barry Tallackson         60     1   2  2  
 2 Zenon Konopka            Fedor Fedorov            Lauri Tukonen            40     1   2  2  

PowerPlay Defense
   Defense                  Defense                                           Time % Phy DF OF 
 1 Timothy Kunes            Jordie Benn                                       60     1   2  2  
 2 Anthony Bitetto          Mike Funk                                         40     1   2  2  

Penalty Kill 4 Players Forward 
   Center                   Wing                     Time % Phy DF OF 
 1 Tomas Kurka              Barry Tallackson         60     1   2  2  
 2 Christian Hanson         Fedor Fedorov            40     1   2  2  

Penalty Kill 4 Players Defense
   Defense                  Defense                  Time % Phy DF OF 
 1 Timothy Kunes            Jordie Benn              60     1   2  2  
 2 Anthony Bitetto          Mike Funk                40     1   2  2  

Penalty Kill - 3 Players Forward 
   Forward                                           Time % Phy DF OF 
 1 Tomas Kurka                                       60     1   2  2  
 2 Barry Tallackson                                  40     1   2  2  

Penalty Kill - 3 Players Defense
   Defense                  Defense                  Time % Phy DF OF 
 1 Timothy Kunes            Jordie Benn              60     1   2  2  
 2 Anthony Bitetto          Mike Funk                40     1   2  2  

4 vs 4 Forward 
   Center                   Wing                     Time % Phy DF OF 
 1 Tomas Kurka              Barry Tallackson         60     1   2  2  
 2 Christian Hanson         Fedor Fedorov            40     1   2  2  

4 vs 4 Defense
   Defense                  Defense                  Time % Phy DF OF 
 1 Timothy Kunes            Jordie Benn              60     1   2  2  
 2 Anthony Bitetto          Mike Funk                40     1   2  2  

Last Minutes Offensive
   Center                   Left Wing                Right Wing               Defense                  Defense                  
   Christian Hanson         Tomas Kurka              Barry Tallackson         Timothy Kunes            Jordie Benn              

Last Minutes Defensive
   Center                   Left Wing                Right Wing               Defense                  Defense                  
   Christian Hanson         Tomas Kurka              Barry Tallackson         Timothy Kunes            Jordie Benn              

Goaltenders
Starting : Marek Schwarz            
Backup : Jason Missiaen           

Extra Forwards
Normal : Jared Knight, Matt Calvert, Mathieu Perreault - PP : Jared Knight, Matt Calvert - PK : Mathieu Perreault
Extra Defensemen
Normal : Stephen Johns, Robbie Russo, Anthony Bitetto - PP : Stephen Johns - PK : Robbie Russo, Anthony Bitetto
Penalty Shots
Tomas Kurka, Barry Tallackson, Christian Hanson, Fedor Fedorov, Matt Calvert

% Time on Ice - Saguenéens

Lines # - Real PCT - Wanted PCT - Time Play
Normal Forward
1 - 33% - 40% - 15:58
2 - 28% - 30% - 13:33
3 - 21% - 20% - 10:15
4 - 17% - 10% - 8:06
Normal Defense
1 - 39% - 40% - 18:52
2 - 32% - 30% - 15:07
3 - 26% - 20% - 12:17
4 - 3% - 10% - 1:36
PP Forward
1 - 53% - 60% - 2:07
2 - 47% - 40% - 1:51
PP Defense
1 - 64% - 60% - 2:33
2 - 36% - 40% - 1:25
PK Forward
1 - 72% - 60% - 5:51
2 - 28% - 40% - 2:19
PK Defense
1 - 48% - 60% - 3:55
2 - 52% - 40% - 4:15
PK3 Forward
1 - 0% - 60%
2 - 0% - 40%
PK3 Defense
1 - 0% - 60%
2 - 0% - 40%
44 Forward
1 - 0% - 60%
2 - 0% - 40%
44 Defense
1 - 0% - 60%
2 - 0% - 40%
Last Minute Offensive  - 0:00
Last Minute Defensive  - 0:00
Total
Forward - 60:00
Defense - 60:00

% Time on Ice - Patriotes

Lines # - Real PCT - Wanted PCT - Time Play
Normal Forward
1 - 31% - 40% - 14:41
2 - 30% - 30% - 14:31
3 - 21% - 20% - 10:04
4 - 18% - 10% - 8:36
Normal Defense
1 - 37% - 40% - 17:40
2 - 32% - 30% - 15:08
3 - 27% - 20% - 12:54
4 - 5% - 10% - 2:10
PP Forward
1 - 52% - 60% - 4:17
2 - 48% - 40% - 3:53
PP Defense
1 - 51% - 60% - 4:10
2 - 49% - 40% - 4:00
PK Forward
1 - 79% - 60% - 3:07
2 - 21% - 40% - 0:51
PK Defense
1 - 65% - 60% - 2:34
2 - 35% - 40% - 1:24
PK3 Forward
1 - 0% - 60%
2 - 0% - 40%
PK3 Defense
1 - 0% - 60%
2 - 0% - 40%
44 Forward
1 - 0% - 60%
2 - 0% - 40%
44 Defense
1 - 0% - 60%
2 - 0% - 40%
Last Minute Offensive  - 0:00
Last Minute Defensive  - 0:00
Total
Forward - 60:00
Defense - 60:00

Play by Play

1st period


0:01 of 1st period - Christian Hanson wins face-off versus Erik Haula in neutral zone.
0:54 of 1st period - Wrist shot by Teemu Pulkkinen.
0:54 of 1st period - Shot Misses the Net.
1:14 of 1st period - Snap shot by Craig Cunningham.
1:14 of 1st period - Shot Misses the Net.
1:30 of 1st period - Zenon Konopka is hit by Mason Raymond and loses puck.
1:39 of 1st period - Roman Josi is hit by Fedor Fedorov and loses puck.
2:18 of 1st period - Snap shot by Fedor Fedorov.
2:18 of 1st period - Shot Misses the Net.
2:20 of 1st period - Slapshot by Timothy Kunes.
2:20 of 1st period - Deflect By Zenon Konopka.
2:20 of 1st period - Stopped by Mike Smith with a rebound.
2:22 of 1st period - Snap shot by Lauri Tukonen.
2:22 of 1st period - Stopped by Mike Smith with a rebound.
2:24 of 1st period - Snap shot by Zenon Konopka.
2:24 of 1st period - Shot Misses the Net.
2:28 of 1st period - Wrist shot by Zenon Konopka.
2:28 of 1st period - Shot Blocked by Roman Josi.
2:36 of 1st period - Snap shot by Zenon Konopka.
2:36 of 1st period - Shot Misses the Net.
2:38 of 1st period - Wrist shot by Zenon Konopka.
2:38 of 1st period - Shot Misses the Net.
2:40 of 1st period - Wrist shot by Lauri Tukonen.
2:40 of 1st period - Deflect By Tyler Kennedy.
2:40 of 1st period - Shot Misses the Net.
2:40 of 1st period - Puck is out of play.
2:41 of 1st period - Christian Hanson wins face-off versus Brian Sutherby in Saguenéens zone.
2:48 of 1st period - Slapshot by Tomas Kurka.
2:48 of 1st period - Stopped by Mike Smith with a rebound.
3:06 of 1st period - Mike Funk is hit by Craig Cunningham and loses puck.
3:58 of 1st period - Melker Karlsson is hit by Luke Witkowski and loses puck.
4:15 of 1st period - Slapshot by Rickard Rakell.
4:15 of 1st period - Stopped by Marek Schwarz with a rebound.
4:17 of 1st period - Slapshot by Luke Witkowski.
4:17 of 1st period - Deflect By Teemu Pulkkinen.
4:17 of 1st period - Stopped by Marek Schwarz without a rebound.
4:18 of 1st period - Christian Hanson wins face-off versus Brian Sutherby in Patriotes zone.
4:23 of 1st period - Tim Kennedy is hit by Stephen Johns and loses puck.
4:30 of 1st period - Snap shot by Barry Tallackson.
4:30 of 1st period - Stopped by Mike Smith with a rebound.
4:32 of 1st period - Wrist shot by Tomas Kurka.
4:32 of 1st period - Stopped by Mike Smith with a rebound.
4:34 of 1st period - Wrist shot by Tomas Kurka.
4:34 of 1st period - Shot Misses the Net.
5:10 of 1st period - Slapshot by Brett Lebda.
5:10 of 1st period - Shot Blocked by Mathieu Perreault.
5:18 of 1st period - Minor Penalty to Tyler Pitlick for Hooking.
5:19 of 1st period - Christian Hanson wins face-off versus Brian Sutherby in Saguenéens zone.
5:22 of 1st period - Snap shot by Barry Tallackson.
5:22 of 1st period - Shot Blocked by Roman Josi.
5:24 of 1st period - Snap shot by Tomas Kurka.
5:24 of 1st period - Stopped by Mike Smith with a rebound.
5:26 of 1st period - Snap shot by Tomas Kurka.
5:26 of 1st period - Shot Misses the Net.
5:28 of 1st period - Wrist shot by Barry Tallackson.
5:28 of 1st period - Stopped by Mike Smith with a rebound.
5:30 of 1st period - Slapshot by Mike Funk.
5:30 of 1st period - Deflect By Roman Josi.
5:30 of 1st period - Stopped by Mike Smith with a rebound.
5:32 of 1st period - Slapshot by Anthony Bitetto.
5:32 of 1st period - Goal by Anthony Bitetto - Saguenéens : 0 - Patriotes : 1.
5:33 of 1st period - Christian Hanson wins face-off versus Brian Sutherby in neutral zone.
5:40 of 1st period - Brett Lebda is hit by Christian Hanson.
6:22 of 1st period - Minor Penalty to Dalton Prout for Slashing.
6:23 of 1st period - Brian Sutherby wins face-off versus Christian Hanson in Saguenéens zone.
7:35 of 1st period - Snap shot by Juraj Mikus.
7:35 of 1st period - Stopped by Marek Schwarz with a rebound.
7:52 of 1st period - Brett Lebda is hit by Lauri Tukonen and loses puck.
8:22 of 1st period - Penalty to Dalton Prout is over, Dalton Prout is back on ice.
8:30 of 1st period - Wrist shot by Mason Raymond.
8:30 of 1st period - Stopped by Marek Schwarz with a rebound.
8:58 of 1st period - Snap shot by Rhett Rakhshani.
8:58 of 1st period - Stopped by Marek Schwarz with a rebound.
9:49 of 1st period - Timothy Kunes is hit by Kevin Marshall.
10:01 of 1st period - Stephen Johns is hit by Tyler Kennedy and loses puck.
11:46 of 1st period - Jordie Benn is hit by Rickard Rakell and loses puck.
12:04 of 1st period - Mathieu Perreault is hit by Tim Kennedy and loses puck.
12:19 of 1st period - Mike Funk is hit by Tyler Kennedy and loses puck.
12:42 of 1st period - Robbie Russo is hit by Tyler Kennedy and loses puck.
12:51 of 1st period - Wrist shot by Tyler Kennedy.
12:51 of 1st period - Deflect By Mason Raymond.
12:51 of 1st period - Shot Misses the Net.
12:51 of 1st period - Puck is out of play.
12:52 of 1st period - Christian Hanson wins face-off versus Brian Sutherby in Patriotes zone.
14:05 of 1st period - Melker Karlsson is hit by Brett Lebda and loses puck.
14:30 of 1st period - Brian Sutherby is hit by Jordie Benn and loses puck.
14:47 of 1st period - Snap shot by Juraj Mikus.
14:47 of 1st period - Stopped by Marek Schwarz with a rebound.
15:33 of 1st period - Wrist shot by Scott Glennie.
15:33 of 1st period - Deflect By Melker Karlsson.
15:33 of 1st period - Stopped by Mike Smith without a rebound.
15:34 of 1st period - Christian Hanson wins face-off versus Brian Sutherby in Saguenéens zone.
15:41 of 1st period - Backhand shot by Christian Hanson.
15:41 of 1st period - Shot Misses the Net.
15:43 of 1st period - Snap shot by Barry Tallackson.
15:43 of 1st period - Shot Misses the Net.
15:45 of 1st period - Slapshot by Anthony Bitetto.
15:45 of 1st period - Shot Blocked by Brian Sutherby.
15:49 of 1st period - Snap shot by Christian Hanson.
15:49 of 1st period - Deflect By Tomas Kurka.
15:49 of 1st period - Stopped by Mike Smith without a rebound.
15:50 of 1st period - Erik Haula wins face-off versus Zenon Konopka in Saguenéens zone.
15:52 of 1st period - Minor Penalty to Oscar Klefbom for Tripping.
15:53 of 1st period - Brian Sutherby wins face-off versus Christian Hanson in Saguenéens zone.
16:19 of 1st period - Dalton Prout is hit by Fedor Fedorov and loses puck.
17:52 of 1st period - Penalty to Oscar Klefbom is over, Oscar Klefbom is back on ice.
18:23 of 1st period - Slapshot by Melker Karlsson.
18:23 of 1st period - Deflect By Austin Watson.
18:23 of 1st period - Shot Misses the Net.
18:23 of 1st period - Puck is out of play.
18:24 of 1st period - Melker Karlsson wins face-off versus Juraj Mikus in Saguenéens zone.
18:33 of 1st period - Robbie Russo is hit by Brett Lebda and loses puck.
18:40 of 1st period - Timothy Kunes is hit by Juraj Mikus and loses puck.
Goals for this period are 0 for Saguenéens vs 1 for Patriotes.
Shots for this period are 6 for Saguenéens vs 11 for Patriotes.

2nd period


0:01 of 2nd period - Christian Hanson wins face-off versus Erik Haula in neutral zone.
0:14 of 2nd period - Kevin Marshall is hit by Tomas Kurka and loses puck.
0:16 of 2nd period - Minor Penalty to Jordie Benn for Hooking.
0:17 of 2nd period - Tomas Kurka wins face-off versus Brian Sutherby in Patriotes zone.
0:30 of 2nd period - Snap shot by Barry Tallackson.
0:30 of 2nd period - Shot Misses the Net.
0:47 of 2nd period - Off-side.
0:48 of 2nd period - Erik Haula wins face-off versus Tomas Kurka in neutral zone.
0:57 of 2nd period - Slapshot by Spencer Machacek.
0:57 of 2nd period - Deflect By Tim Kennedy.
0:57 of 2nd period - Stopped by Marek Schwarz with a rebound.
0:59 of 2nd period - Snap shot by Roman Josi.
0:59 of 2nd period - Shot Misses the Net.
1:01 of 2nd period - Slapshot by Roman Josi.
1:01 of 2nd period - Deflect By Erik Haula.
1:01 of 2nd period - Shot Misses the Net.
1:01 of 2nd period - Puck is out of play.
1:02 of 2nd period - Tomas Kurka wins face-off versus Brian Sutherby in Patriotes zone.
1:09 of 2nd period - Wrist shot by Brian Sutherby.
1:09 of 2nd period - Shot Misses the Net.
1:11 of 2nd period - Slapshot by Brett Lebda.
1:11 of 2nd period - Shot Blocked by Timothy Kunes.
1:13 of 2nd period - Wrist shot by Tyler Kennedy.
1:13 of 2nd period - Shot Misses the Net.
2:10 of 2nd period - Tim Kennedy is hit by Timothy Kunes.
2:16 of 2nd period - Penalty to Jordie Benn is over, Jordie Benn is back on ice.
2:26 of 2nd period - Snap shot by Barry Tallackson.
2:26 of 2nd period - Shot Misses the Net.
2:32 of 2nd period - Slapshot by Craig Cunningham.
2:32 of 2nd period - Shot Blocked by Mike Funk.
2:34 of 2nd period - Wrist shot by Tyler Pitlick.
2:34 of 2nd period - Stopped by Marek Schwarz without a rebound.
2:35 of 2nd period - Mathieu Perreault wins face-off versus Rickard Rakell in Patriotes zone.
2:42 of 2nd period - Snap shot by Matt Calvert.
2:42 of 2nd period - Deflect By Zach Budish.
2:42 of 2nd period - Shot Misses the Net.
2:42 of 2nd period - Puck is out of play.
2:43 of 2nd period - Rickard Rakell wins face-off versus Mathieu Perreault in Saguenéens zone.
2:48 of 2nd period - Slapshot by Kevin Marshall.
2:48 of 2nd period - Stopped by Marek Schwarz with a rebound.
3:08 of 2nd period - Snap shot by Tyler Kennedy.
3:08 of 2nd period - Shot Hit the Post.
3:10 of 2nd period - Snap shot by Mason Raymond.
3:10 of 2nd period - Shot Blocked by Stephen Johns.
3:14 of 2nd period - Wrist shot by Tyler Kennedy.
3:14 of 2nd period - Shot Misses the Net.
3:48 of 2nd period - Mathieu Perreault is hit by Juraj Mikus and loses puck.
4:24 of 2nd period - Timothy Kunes is hit by Luke Witkowski and loses puck.
4:29 of 2nd period - Snap shot by Spencer Machacek.
4:29 of 2nd period - Stopped by Marek Schwarz without a rebound.
4:30 of 2nd period - Erik Haula wins face-off versus Christian Hanson in Patriotes zone.
5:04 of 2nd period - Wrist shot by Brian Sutherby.
5:04 of 2nd period - Shot Misses the Net.
5:06 of 2nd period - Snap shot by Brian Sutherby.
5:06 of 2nd period - Stopped by Marek Schwarz without a rebound.
5:07 of 2nd period - Tomas Kurka wins face-off versus Brian Sutherby in Patriotes zone.
5:36 of 2nd period - Backhand shot by Tyler Pitlick.
5:36 of 2nd period - Stopped by Marek Schwarz without a rebound.
5:37 of 2nd period - Zenon Konopka wins face-off versus Craig Cunningham in Patriotes zone.
6:04 of 2nd period - Mike Funk is hit by Erik Haula and loses puck.
6:30 of 2nd period - Slapshot by Oscar Klefbom.
6:30 of 2nd period - Stopped by Marek Schwarz without a rebound.
6:31 of 2nd period - Brian Sutherby wins face-off versus Zenon Konopka in Patriotes zone.
7:04 of 2nd period - Snap shot by Brian Sutherby.
7:04 of 2nd period - Shot Blocked by Zenon Konopka.
7:27 of 2nd period - Icing by Brian Sutherby.
7:28 of 2nd period - Christian Hanson wins face-off versus Brian Sutherby in Saguenéens zone.
7:31 of 2nd period - Backhand shot by Tomas Kurka.
7:31 of 2nd period - Stopped by Mike Smith with a rebound.
7:33 of 2nd period - Slapshot by Anthony Bitetto.
7:33 of 2nd period - Deflect By Spencer Machacek.
7:33 of 2nd period - Stopped by Mike Smith with a rebound.
7:35 of 2nd period - Slapshot by Anthony Bitetto.
7:35 of 2nd period - Stopped by Mike Smith without a rebound.
7:36 of 2nd period - Erik Haula wins face-off versus Barry Tallackson in Saguenéens zone.
8:33 of 2nd period - Slapshot by Oscar Klefbom.
8:33 of 2nd period - Stopped by Marek Schwarz without a rebound.
8:34 of 2nd period - Erik Haula wins face-off versus Christian Hanson in Patriotes zone.
8:45 of 2nd period - Slapshot by Timothy Kunes.
8:45 of 2nd period - Stopped by Mike Smith with a rebound.
8:51 of 2nd period - Barry Tallackson is hit by Tyler Kennedy and loses puck.
9:18 of 2nd period - Minor Penalty to Fedor Fedorov for Hooking.
9:19 of 2nd period - Tomas Kurka wins face-off versus Brian Sutherby in Patriotes zone.
11:07 of 2nd period - Mason Raymond is hit by Anthony Bitetto and loses puck.
11:18 of 2nd period - Penalty to Fedor Fedorov is over, Fedor Fedorov is back on ice.
11:26 of 2nd period - Wrist shot by Juraj Mikus.
11:26 of 2nd period - Shot Blocked by Anthony Bitetto.
11:28 of 2nd period - Slapshot by Luke Witkowski.
11:28 of 2nd period - Deflect By Zenon Konopka.
11:28 of 2nd period - Stopped by Marek Schwarz without a rebound.
11:29 of 2nd period - Zenon Konopka wins face-off versus Juraj Mikus in Patriotes zone.
12:01 of 2nd period - Wrist shot by Rhett Rakhshani.
12:01 of 2nd period - Shot Blocked by Stephen Johns.
12:17 of 2nd period - Wrist shot by Erik Haula.
12:17 of 2nd period - Shot Misses the Net.
12:58 of 2nd period - Tyler Pitlick is hit by Lauri Tukonen and loses puck.
13:21 of 2nd period - Roman Josi is hit by Mathieu Perreault.
13:40 of 2nd period - Rickard Rakell is hit by Jordie Benn and loses puck.
13:55 of 2nd period - Melker Karlsson is hit by Brett Lebda and loses puck.
14:04 of 2nd period - Wrist shot by Brian Sutherby.
14:04 of 2nd period - Deflect By Spencer Machacek.
14:04 of 2nd period - Shot Misses the Net.
14:04 of 2nd period - Puck is out of play.
14:05 of 2nd period - Zenon Konopka wins face-off versus Erik Haula in Patriotes zone.
15:16 of 2nd period - Wrist shot by Teemu Pulkkinen.
15:16 of 2nd period - Shot Misses the Net.
15:32 of 2nd period - Lauri Tukonen is hit by Oscar Klefbom.
15:54 of 2nd period - Snap shot by Juraj Mikus.
15:54 of 2nd period - Shot Misses the Net.
16:24 of 2nd period - Wrist shot by Zenon Konopka.
16:24 of 2nd period - Shot Misses the Net.
16:33 of 2nd period - Icing by Zenon Konopka.
16:34 of 2nd period - Rickard Rakell wins face-off versus Tomas Kurka in Patriotes zone.
16:39 of 2nd period - Wrist shot by Teemu Pulkkinen.
16:39 of 2nd period - Shot Blocked by Timothy Kunes.
16:41 of 2nd period - Slapshot by Brett Lebda.
16:41 of 2nd period - Shot Misses the Net.
16:43 of 2nd period - Slapshot by Brett Lebda.
16:43 of 2nd period - Shot Misses the Net.
16:49 of 2nd period - Slapshot by Rhett Rakhshani.
16:49 of 2nd period - Shot Misses the Net.
17:07 of 2nd period - Wrist shot by Barry Tallackson.
17:07 of 2nd period - Stopped by Mike Smith with a rebound.
17:23 of 2nd period - Wrist shot by Mathieu Perreault.
17:23 of 2nd period - Goal by Mathieu Perreault - Saguenéens : 0 - Patriotes : 2.
17:24 of 2nd period - Zenon Konopka wins face-off versus Erik Haula in neutral zone.
17:53 of 2nd period - Snap shot by Matt Calvert.
17:53 of 2nd period - Shot Misses the Net.
18:59 of 2nd period - Slapshot by Lauri Tukonen.
18:59 of 2nd period - Stopped by Mike Smith with a rebound.
19:01 of 2nd period - Wrist shot by Zenon Konopka.
19:01 of 2nd period - Goal by Zenon Konopka - Saguenéens : 0 - Patriotes : 3.
19:02 of 2nd period - Christian Hanson wins face-off versus Brian Sutherby in neutral zone.
19:32 of 2nd period - Lauri Tukonen is hit by Craig Cunningham and loses puck.
19:47 of 2nd period - Slapshot by Lauri Tukonen.
19:47 of 2nd period - Deflect By Matt Calvert.
19:47 of 2nd period - Shot Misses the Net.
19:47 of 2nd period - Puck is out of play.
19:48 of 2nd period - Matt Calvert wins face-off versus Rickard Rakell in Saguenéens zone.
19:58 of 2nd period - Off-side.
19:59 of 2nd period - Christian Hanson wins face-off versus Brian Sutherby in neutral zone.
Goals for this period are 0 for Saguenéens vs 2 for Patriotes.
Shots for this period are 9 for Saguenéens vs 8 for Patriotes.

3rd period


0:01 of 3rd period - Erik Haula wins face-off versus Christian Hanson in neutral zone.
0:03 of 3rd period - Off-side.
0:04 of 3rd period - Christian Hanson wins face-off versus Erik Haula in neutral zone.
0:17 of 3rd period - Snap shot by Tyler Kennedy.
0:17 of 3rd period - Goal by Tyler Kennedy - Saguenéens : 1 - Patriotes : 3.
0:18 of 3rd period - Christian Hanson wins face-off versus Erik Haula in neutral zone.
1:29 of 3rd period - Wrist shot by Tyler Kennedy.
1:29 of 3rd period - Deflect By Erik Haula.
1:29 of 3rd period - Stopped by Marek Schwarz without a rebound.
1:30 of 3rd period - Erik Haula wins face-off versus Zenon Konopka in Patriotes zone.
1:31 of 3rd period - Snap shot by Tyler Kennedy.
1:31 of 3rd period - Stopped by Marek Schwarz with a rebound.
1:33 of 3rd period - Slapshot by Luke Witkowski.
1:33 of 3rd period - Shot Blocked by Zenon Konopka.
1:35 of 3rd period - Snap shot by Oscar Klefbom.
1:35 of 3rd period - Stopped by Marek Schwarz with a rebound.
1:37 of 3rd period - Slapshot by Luke Witkowski.
1:37 of 3rd period - Stopped by Marek Schwarz with a rebound.
1:39 of 3rd period - Slapshot by Luke Witkowski.
1:39 of 3rd period - Deflect By Tyler Kennedy.
1:39 of 3rd period - Shot Misses the Net.
1:39 of 3rd period - Puck is out of play.
1:40 of 3rd period - Zenon Konopka wins face-off versus Erik Haula in Patriotes zone.
1:56 of 3rd period - Snap shot by Erik Haula.
1:56 of 3rd period - Stopped by Marek Schwarz with a rebound.
2:11 of 3rd period - Wrist shot by Mathieu Perreault.
2:11 of 3rd period - Stopped by Mike Smith with a rebound.
2:13 of 3rd period - Snap shot by Mathieu Perreault.
2:13 of 3rd period - Goal by Mathieu Perreault - Saguenéens : 1 - Patriotes : 4.
2:14 of 3rd period - Erik Haula wins face-off versus Christian Hanson in neutral zone.
2:39 of 3rd period - Fedor Fedorov is hit by Brian Sutherby and loses puck.
2:58 of 3rd period - Snap shot by Juraj Mikus.
2:58 of 3rd period - Shot Misses the Net.
3:28 of 3rd period - Slapshot by Melker Karlsson.
3:28 of 3rd period - Shot Misses the Net.
3:30 of 3rd period - Snap shot by Jordie Benn.
3:30 of 3rd period - Shot Misses the Net.
3:41 of 3rd period - Snap shot by Erik Haula.
3:41 of 3rd period - Shot Blocked by Christian Hanson.
3:43 of 3rd period - Wrist shot by Oscar Klefbom.
3:43 of 3rd period - Stopped by Marek Schwarz with a rebound.
3:45 of 3rd period - Slapshot by Oscar Klefbom.
3:45 of 3rd period - Stopped by Marek Schwarz without a rebound.
3:46 of 3rd period - Christian Hanson wins face-off versus Erik Haula in Patriotes zone.
3:54 of 3rd period - Brett Lebda is hit by Anthony Bitetto and loses puck.
4:11 of 3rd period - Fedor Fedorov is hit by Brett Lebda and loses puck.
5:01 of 3rd period - Mason Raymond is hit by Melker Karlsson and loses puck.
5:28 of 3rd period - Teemu Pulkkinen is hit by Timothy Kunes and loses puck.
5:41 of 3rd period - Wrist shot by Christian Hanson.
5:41 of 3rd period - Stopped by Mike Smith without a rebound.
5:42 of 3rd period - Zenon Konopka wins face-off versus Brian Sutherby in Saguenéens zone.
5:58 of 3rd period - Icing by Brian Sutherby.
5:59 of 3rd period - Brian Sutherby wins face-off versus Barry Tallackson in Saguenéens zone.
5:59 of 3rd period - Brian Sutherby is hit by Tomas Kurka.
6:20 of 3rd period - Slapshot by Spencer Machacek.
6:20 of 3rd period - Stopped by Marek Schwarz without a rebound.
6:21 of 3rd period - Zenon Konopka wins face-off versus Erik Haula in Patriotes zone.
6:32 of 3rd period - Wrist shot by Tyler Kennedy.
6:32 of 3rd period - Goal by Tyler Kennedy - Saguenéens : 2 - Patriotes : 4.
6:33 of 3rd period - Erik Haula wins face-off versus Barry Tallackson in neutral zone.
6:36 of 3rd period - Tomas Kurka is hit by Brett Lebda and loses puck.
7:01 of 3rd period - Wrist shot by Matt Calvert.
7:01 of 3rd period - Stopped by Mike Smith without a rebound.
7:02 of 3rd period - Mathieu Perreault wins face-off versus Brian Sutherby in Saguenéens zone.
7:03 of 3rd period - Wrist shot by Matt Calvert.
7:03 of 3rd period - Stopped by Mike Smith without a rebound.
7:04 of 3rd period - Mathieu Perreault wins face-off versus Brian Sutherby in Saguenéens zone.
7:29 of 3rd period - Tomas Kurka is hit by Mason Raymond and loses puck.
8:04 of 3rd period - Slapshot by Zenon Konopka.
8:04 of 3rd period - Stopped by Mike Smith with a rebound.
8:14 of 3rd period - Scott Glennie is hit by Spencer Machacek and loses puck.
8:30 of 3rd period - Minor Penalty to Spencer Machacek for Hooking.
8:31 of 3rd period - Brian Sutherby wins face-off versus Christian Hanson in Saguenéens zone.
10:30 of 3rd period - Penalty to Spencer Machacek is over, Spencer Machacek is back on ice.
10:44 of 3rd period - Rickard Rakell is hit by Melker Karlsson.
12:13 of 3rd period - Wrist shot by Spencer Machacek.
12:13 of 3rd period - Stopped by Marek Schwarz with a rebound.
12:15 of 3rd period - Wrist shot by Spencer Machacek.
12:15 of 3rd period - Stopped by Marek Schwarz with a rebound.
12:17 of 3rd period - Snap shot by Tim Kennedy.
12:17 of 3rd period - Shot Misses the Net.
12:29 of 3rd period - Slapshot by Rhett Rakhshani.
12:29 of 3rd period - Shot Misses the Net.
12:43 of 3rd period - Robbie Russo is hit by Craig Cunningham and loses puck.
13:15 of 3rd period - Rickard Rakell is hit by Mathieu Perreault and loses puck.
13:30 of 3rd period - Scott Glennie is hit by Craig Cunningham and loses puck.
13:50 of 3rd period - Erik Haula is hit by Christian Hanson and loses puck.
13:57 of 3rd period - Snap shot by Barry Tallackson.
13:57 of 3rd period - Shot Blocked by Luke Witkowski.
13:59 of 3rd period - Slapshot by Jordie Benn.
13:59 of 3rd period - Stopped by Mike Smith without a rebound.
14:00 of 3rd period - Brian Sutherby wins face-off versus Zenon Konopka in Saguenéens zone.
14:07 of 3rd period - Tim Kennedy is hit by Fedor Fedorov and loses puck.
14:37 of 3rd period - Snap shot by Barry Tallackson.
14:37 of 3rd period - Shot Misses the Net.
14:39 of 3rd period - Wrist shot by Christian Hanson.
14:39 of 3rd period - Deflect By Juraj Mikus.
14:39 of 3rd period - Shot Blocked by Craig Cunningham.
14:39 of 3rd period - Puck is out of play.
14:40 of 3rd period - Tyler Kennedy wins face-off versus Tomas Kurka in Saguenéens zone.
14:42 of 3rd period - Minor Penalty to Dalton Prout for Holding.
14:43 of 3rd period - Brian Sutherby wins face-off versus Christian Hanson in Saguenéens zone.
15:49 of 3rd period - Kevin Marshall is hit by Lauri Tukonen and loses puck.
16:42 of 3rd period - Penalty to Dalton Prout is over, Dalton Prout is back on ice.
16:52 of 3rd period - Slapshot by Roman Josi.
16:52 of 3rd period - Stopped by Marek Schwarz without a rebound.
16:53 of 3rd period - Rickard Rakell wins face-off versus Mathieu Perreault in Patriotes zone.
17:02 of 3rd period - Snap shot by Teemu Pulkkinen.
17:02 of 3rd period - Shot Blocked by Stephen Johns.
17:06 of 3rd period - Wrist shot by Rhett Rakhshani.
17:06 of 3rd period - Shot Blocked by Robbie Russo.
17:08 of 3rd period - Slapshot by Luke Witkowski.
17:08 of 3rd period - Stopped by Marek Schwarz with a rebound.
18:13 of 3rd period - Christian Hanson is hit by Spencer Machacek and loses puck.
18:26 of 3rd period - Snap shot by Tim Kennedy.
18:26 of 3rd period - Shot Blocked by Mike Funk.
19:28 of 3rd period - Matt Calvert is hit by Juraj Mikus and loses puck.
Goals for this period are 2 for Saguenéens vs 1 for Patriotes.
Shots for this period are 14 for Saguenéens vs 7 for Patriotes.